 Dungeon Crawl Stone Soup version 0.31-a0-1370-gf52a5a9ab3 (webtiles) character file.

Game seed: 16201061375837550732

5278 shadizar the Fighter (level 10, -10/81 HPs)
             Began as a Djinni Fire Elementalist on Dec 23, 2023.
             Was a Priest of Elyvilon.
             Mangled by Gastronok (30 damage)
             ... on level 8 of the Dungeon.
             The game lasted 00:33:43 (10447 turns).

shadizar the Fighter (Djinni Fire Elementalist)    Turns: 10447, Time: 00:33:44

Health: -10/81     AC:  5    Str:  7    XL:     10   Next: 94%
Gold:   668        EV: 14    Int: 26    God:    Elyvilon [***...] SH:  5 Dex: 15

rFire   + + .        u - +6 hammer of Teapp {spect, *Slow +Blink rC++ rCorr}
rCold   + . .        (no shield)
rNeg    . . .        a - +0 robe
rPois   ∞            n - +1 helmet
rElec   .            w - +0 cloak
rCorr   +            (no gloves)
SInv    +            (boots unavailable)
Will    +....        l - amulet of reflection
Stlth   ++           o - +6 ring of intelligence
HPRegen 0.33/turn    B - ring of see invisible
MPRegen 0.00/turn

%: slow self (1%), reflection, infuse magic (-11 HP)
@: flying, slowed, very slow
A: sickness immunity, fire resistance 2, cold vulnerability 1, float, innate
caster, HP casting, extra vitality 1
a: Renounce Religion, Evoke Blink, Purification, Heal Other, Heal Self


You were on level 8 of the Dungeon.
You worshipped Elyvilon.
Elyvilon was most pleased with you.
You visited 2 branches of the dungeon, and saw 10 of its levels.
You also visited: Sewer.

You collected 668 gold pieces.

Inventory:

Hand Weapons
 s - the +0 hammer of Uree {heavy, rElec Str+6 Dex-5 Stlth+}
   (You found it on level 2 of the Dungeon)

   Str+6:     It affects your strength (+6).
   Dex-5:     It affects your dexterity (-5).
   rElec:     It insulates you from electricity.
   Stlth+:    It makes you more stealthy.
 t - a +2 hammer of venom
 u - the +6 hammer of Teapp (weapon) {spect, *Slow +Blink rC++ rCorr}
   (You found it on level 2 of the Dungeon)

   rC++:      It greatly protects you from cold.
   +Blink:    It lets you blink.
   rCorr:     It protects you from acid and corrosion.
   *Slow:     It may slow you when you take damage.
 G - a +3 dagger of venom
Missiles
 x - 6 javelins
 y - 49 stones
 N - 7 boomerangs
Armour
 a - a +0 robe (worn)
 f - a +2 scale mail of fire resistance
 n - a +1 helmet (worn)
 w - a +0 cloak (worn)
 K - a +3 leather armour
 P - a +0 kite shield
Jewellery
 l - an amulet of reflection (around neck)
 o - a +6 ring of intelligence (left hand)
 B - a ring of see invisible (right hand)
 D - a +4 ring of slaying
 F - a ring of willpower
Talismans
 A - a maw talisman
Wands
 I - a wand of polymorph (12)
 J - a wand of paralysis (3)
Scrolls
 d - 2 scrolls of fog
 e - 3 scrolls of enchant armour
 k - a scroll of identify
 q - 3 scrolls of teleportation
 r - a scroll of immolation
 C - a scroll of blinking
 E - 2 scrolls of poison
 H - a scroll of revelation {unknown}
 R - 4 scrolls of enchant weapon
Potions
 b - a potion of berserk rage {unknown}
 c - 3 potions of curing
 g - 2 potions of enlightenment
 h - 4 potions of mutation {unknown}
 i - 2 potions of invisibility {unknown}
 j - 2 potions of ambrosia {unknown}
 m - 3 potions of magic {unknown}
 p - 3 potions of might {unknown}
 v - 2 potions of heal wounds
 z - 4 potions of haste {unknown}
 L - a potion of experience {unknown}
 M - a potion of brilliance {unknown}
 O - 2 potions of resistance


   Skills:
 + Level 10.7 Fighting
 - Level 5.1 Dodging
 - Level 1.5 Stealth
 + Level 8.7 Spellcasting
 + Level 8.7 Conjurations
 + Level 8.7 Hexes
 + Level 8.7 Summonings
 + Level 8.7 Necromancy
 + Level 8.7 Translocations
 + Level 8.7 Fire Magic
 + Level 8.7 Ice Magic
 + Level 8.7 Air Magic
 + Level 8.7 Earth Magic
 + Level 8.7 Alchemy


You knew the following spells:

 Your Spells              Type           Power      Damage    Failure   Level
a - Foxfire               Conj/Fire      100%       2x1d9     1%          1
b - Scorch                Fire           100%       2d9       1%          2
c - Volatile Blastmotes   Fire/Tloc      100%       2d18      1%          3
d - Inner Flame           Hex/Fire       54%        N/A       1%          3
e - Flame Wave            Conj/Fire      54%        2d13      1%          4
f - Necrotise             Necr           100%       1d9       1%          1
g - Blink                 Tloc           100%       N/A       1%          2
h - Sigil of Binding      Hex            54%        N/A       1%          3
i - Leda's Liquefaction   Alch/Erth      27%        N/A       1%          4
Your spell library was empty.

Dungeon Overview and Level Annotations

Branches:
Dungeon (9/15)             Temple (1/1) D:6           Sewer (visited)
   Lair: D:8-11         Orc: D:9-12

Altars:
Ashenzari
Dithmenos
Elyvilon
Fedhas
Gozag
Hepliaklqana
Makhleb
Nemelex Xobeh
Okawaru
Qazlal
Ru
Trog
Uskayaw
Wu Jian
Xom
Yredelemnul
Zin
The Shining One

Shops:
D:4 (   D:6 =   D:8 =   D:9 :

Annotations:
D:2 1 runed translucent door, Crazy Yiuf
D:8 Gastronok, Jeremiah
D:9 Amaemon


Innate Abilities, Weirdness & Mutations

You are immune to sickness and miasma.
You are immune to poison.
Your flesh is very heat resistant. (rF++)
You are vulnerable to cold. (rC-)
You float through the air rather than walking.
You learn spells naturally, not from books.
Your magical power is your life essence.
You have superior vitality. (+4 MHP)


Message History

Unknown command.
Unknown command.
Casting: Scorch (safe; 1% risk of failure)
Confirm with . or Enter, or press ? or * to list all spells.
Flames lash Gastronok.
Gastronok is burned terribly!
Gastronok is severely wounded.
Gastronok's eyestalks quiver as he mumbles some strange words.
Unknown command.
Unknown command.
Unknown command.
Unknown command.
Unknown command.
Unknown command.
Casting: Scorch (safe; 1% risk of failure)
Confirm with . or Enter, or press ? or * to list all spells.
Flames lash the river rat.
The river rat is almost dead.
The river rat's fire resistance burns away.
The quokka bites you.
* * * LOW HITPOINT WARNING * * *
The river rat bites you but does no damage.
Gastronok bites you but does no damage.
Unknown command.
Unknown command.
Unknown command.
Unknown command.
Unknown command.
Unknown command.
Unknown command.
Unknown command.
Casting: Scorch (safe; 1% risk of failure)
Confirm with . or Enter, or press ? or * to list all spells.
Flames lash the quokka.
You kill the quokka!
The quokka's corpse disappears in a puff of smoke!
* * * LOW HITPOINT WARNING * * *
The river rat closely misses you. You block the quokka's attack.
Gastronok bites you!!
You die...
Gastronok gurgles, "About time.
I'm starving!"

#)# #........#.#.#####. #.#
#..#####.#.#.#....) #.# #..#
#.#.#.#.#### #.#
#..#####.#.#.#.# # #.#
#........#.#.#.#### #.#
#..#.....<.........
#.##########..#)##......<...##
#...w.......r...###.#.#.###.##
############w@### #.#.#.# #...
#.r#####.#.#.###.##
#....v§....#.....#
#....v...######### ##########


You could see Gastronok (combustible), a river rat (summoned, combustible) and a
quokka (summoned).

Vanquished Creatures
  Maurice (D:9)
  Maggie (D:7)
  An orange demon (D:9)
  A kobold demonologist (D:9)
  3 yaks (D:9)
  A wyvern (D:9)
  Edmund (D:6)
  A water moccasin (D:7)
  An orc warrior (D:8)
  2 ice beasts
  2 sky beasts
  3 centaurs
  2 kobold brigands (D:4)
  4 phantoms
  A bullfrog (D:6)
  2 necrophages (Sewer)
  A gnoll sergeant (D:8)
  3 scorpions
  5 wights (D:9)
  A jelly (D:5)
  11 killer bees
  A quasit (D:6)
  2 hounds (D:6)
  2 orc priests
  3 iguanas
  2 sleepcaps
  2 orc wizards
  Robin (D:2)
  9 adders
  19 gnolls
  4 shadow imps
  7 white imps
  8 ufetubi
  A worm (D:2)
  2 dart slugs
  26 orcs
  7 endoplasms
  6 giant cockroaches
  16 goblins
  15 hobgoblins
  8 jackals
  3 quokkas
  8 ball pythons
  11 bats
  3 frilled lizards
  25 kobolds
  2 kobold zombies (Sewer)
  13 rats
254 creatures vanquished.

Vanquished Creatures (others)
  958 foxfires
958 creatures vanquished.

Grand Total: 1212 creatures vanquished

Notes
Turn   | Place    | Note
-------+----------+-------------------------------------------
     0 | D:1      | shadizar the Djinni Fire Elementalist began the quest for
                  | the Orb.
     0 | D:1      | shadizar set off with the following spells memorised:
                  | Foxfire, Scorch, Volatile Blastmotes, Inner Flame, Flame
                  | Wave.
     0 | D:1      | Reached XP level 1. HP: 15/15 MP: 0/0
   222 | D:1      | Reached XP level 2. HP: 20/22 MP: 0/0
   244 | D:1      | Reached skill level 1 in Fighting
   484 | D:1      | Reached XP level 3. HP: 12/27 MP: 0/0
   484 | D:1      | Learned a level 1 spell: Necrotise
  1106 | D:1      | Reached skill level 2 in Fighting
  1280 | D:2      | Noticed Robin
  1464 | D:2      | Reached XP level 4. HP: 28/33 MP: 0/0
  1545 | D:2      | Found a faded altar of an unknown god.
  1713 | D:2      | Killed Robin
  1716 | D:2      | Reached XP level 5. HP: 32/40 MP: 0/0
  1716 | D:2      | Learned a level 2 spell: Blink
  1740 | D:2      | Reached skill level 3 in Fighting
  1806 | D:2      | Found a sacrificial altar of Ru.
  1909 | D:2      | Identified the +0 hammer of Uree {heavy, rElec Str+6 Dex-5
                  | Stlth+}
  1917 | D:2      | Identified the +6 hammer of Teapp {spect, *Slow +Blink rC++
                  | rCorr}
  1927 | D:2      | Found a runed translucent door.
  1928 | D:2      | Noticed Crazy Yiuf
  2970 | D:4      | Reached XP level 6. HP: 43/46 MP: 0/0
  3095 | D:4      | Found Ygile's Antique Weapon Shop.
  3250 | D:4      | Reached skill level 4 in Fighting
  3371 | D:4      | Reached XP level 7. HP: 52/52 MP: 0/0
  3371 | D:4      | Learned a level 3 spell: Sigil of Binding
  3540 | D:4      | Found a white marble altar of Elyvilon.
  3740 | D:5      | Entered Level 5 of the Dungeon
  3772 | D:5      | Found a glowing drain.
  3781 | Sewer    | Entered a sewer
  4002 | Sewer    | Reached skill level 5 in Spellcasting
  4002 | Sewer    | Reached skill level 5 in Conjurations
  4002 | Sewer    | Reached skill level 5 in Hexes
  4002 | Sewer    | Reached skill level 5 in Summonings
  4002 | Sewer    | Reached skill level 5 in Necromancy
  4002 | Sewer    | Reached skill level 5 in Translocations
  4002 | Sewer    | Reached skill level 5 in Fire Magic
  4002 | Sewer    | Reached skill level 5 in Ice Magic
  4002 | Sewer    | Reached skill level 5 in Air Magic
  4002 | Sewer    | Reached skill level 5 in Earth Magic
  4002 | Sewer    | Reached skill level 5 in Alchemy
  4051 | Sewer    | Reached skill level 5 in Fighting
  4051 | Sewer    | Reached XP level 8. HP: 50/59 MP: 0/0
  4441 | D:5      | Reached skill level 5 in Dodging
  4762 | D:5      | Found a broken altar of Ashenzari.
  5107 | D:6      | Reached skill level 6 in Fighting
  5386 | D:6      | Found an opulent altar of Gozag.
  5499 | D:6      | Noticed Edmund
  5515 | D:6      | Killed Edmund
  5516 | D:6      | Reached XP level 9. HP: 44/67 MP: 0/0
  5516 | D:6      | Learned a level 4 spell: Leda's Liquefaction
  5739 | D:6      | Reached skill level 7 in Fighting
  5857 | D:6      | Found a staircase to the Ecumenical Temple.
  6235 | D:6      | Found Aneis's Jewellery Emporium.
  6376 | Temple   | Entered the Ecumenical Temple
  6590 | D:4      | Became a worshipper of Elyvilon the Healer
  6711 | D:7      | Noticed Maggie
  6729 | D:7      | Killed Maggie
  6903 | D:7      | Reached * piety under Elyvilon
  6910 | D:7      | Reached skill level 8 in Fighting
  7714 | D:7      | Found a blossoming altar of Fedhas.
  8050 | D:8      | Noticed Gastronok
  8137 | D:8      | Found Cetwanenk's Jewellery Shoppe.
  8426 | D:8      | Reached ** piety under Elyvilon
  8490 | D:8      | Noticed Jeremiah
  8713 | D:9      | Reached XP level 10. HP: 74/77 MP: 0/0
  8724 | D:9      | Reached skill level 9 in Fighting
  8942 | D:9      | Noticed a kobold demonologist
  8950 | D:9      | Killed a kobold demonologist
  9245 | D:9      | Found a basalt altar of Yredelemnul.
  9383 | D:9      | Reached skill level 10 in Fighting
  9517 | D:9      | Found a shadowy altar of Dithmenos.
  9656 | D:9      | Found Zocsuiti's Vocational Training.
  9721 | D:9      | Reached *** piety under Elyvilon
  9741 | D:9      | Noticed Maurice
  9752 | D:9      | Paralysed by Maurice for 3 turns
  9757 | D:9      | Killed Maurice
  9868 | D:9      | Found a hazy altar of Hepliaklqana.
  9869 | D:9      | Found a shimmering altar of Xom.
  9880 | D:9      | Noticed an orange demon
  9891 | D:9      | Killed an orange demon
  9897 | D:9      | Noticed Amaemon
 10447 | D:8      | Mangled by Gastronok

Illustrated notes

Levels and vault maps discovered:
D:1:      dpeg_arrival_morbid_curiosity, layout_basic, minmay_small_reverse_x
D:2:      layout_basic, basic_altar, nicolae_ecumenical_snake_handling,
          dk_noncrumbling_2, uniq_robin, uniq_crazy_yiuf_cottage
D:3:      layout_rooms
D:4:      cheibrodos_thug_alley, layout_cave_pools, elyvilon_altar_1,
          serial_shops, shop
D:5:      layout_gridville, ashenzari_conservatory_becter, portal_sewer_entry_d
D:6:      layout_loops_corners, nicolae_gozag_cash_rules_everything_around_me,
          minmay_temple_entry_mini_moons, serial_demonic, serial_demonic_b,
          serial_demonic_d, serial_demonic_a, serial_demonic_e, serial_shops,
          nicolae_shop_back_alley_shop, dreamdust_gnoll_farm, uniq_edmund
D:7:      layout_layer_cave, mainiacjoe_overflow_surrounded_room,
          lemuel_coloured_pillars_altar, uniq_maggie
D:8:      layout_loops_ring, serial_shops, shop, kennysheep_diamond,
          uniq_jeremiah, uniq_gastronok
D:9:      old_forge, layout_long_grid, grunt_dithmenos_smoke,
          gammafunk_temple_overflow_claw, mainiacjoe_overflow_six_doors_small,
          erik_orc_1, serial_shops, shop, minmay_misc_feat_columns,
          nicolae_shop_vocational, uniq_maurice, uniq_amaemon
Temple:   grunt_temple_mini_profane

Skill      XL: |  1  2  3  4  5  6  7  8  9 10 |
---------------+-------------------------------+-----
Fighting       | 1 2 3 4 5 6 8 10 | 10.7
Spellcasting   | 4 5 6 7 8 |  8.7
Conjurations   | 4 5 6 7 8 |  8.7
Hexes          | 4 5 6 7 8 |  8.7
Summonings     | 4 5 6 7 8 |  8.7
Necromancy     | 4 5 6 7 8 |  8.7
Translocations | 4 5 6 7 8 |  8.7
Fire Magic     | 4 5 6 7 8 |  8.7
Ice Magic      | 4 5 6 7 8 |  8.7
Air Magic      | 4 5 6 7 8 |  8.7
Earth Magic    | 4 5 6 7 8 |  8.7
Alchemy        | 4 5 6 7 8 |  8.7
Dodging        | 3 4 5 |  5.1
Stealth        | |  1.5

Action                     |  1- 3 |  4- 6 |  7- 9 | 10-12 || total
---------------------------+-------+-------+-------+-------++-------
  Melee: Mace              |    12 |     4 |    25 |    34 ||    75
         Punch             |       |       |       |     1 ||     1
   Cast: Foxfire           |    85 |   157 |   283 |    77 ||   602
         Scorch            |       |     3 |    32 |    53 ||    88
         Blink             |       |       |       |     1 ||     1
    Use: Potion            |       |     2 |     1 |     6 ||     9
         Scroll            |       |       |    17 |     1 ||    18
   Stab: Sleeping          |     1 |       |       |       ||     1
 Armour: Robe              |    42 |    31 |    45 |    92 ||   210
  Dodge: Dodged            |    35 |    32 |    83 |    91 ||   241
  Block: Other             |       |       |    24 |    23 ||    47
         Reflection        |       |       |     3 |       ||     3

Table legend: (Time is in decaauts)
 A = Elapsed time spent in this place.
 B = Non-inter-level travel time spent in this place.
 C = Inter-level travel time spent in this place.
 D = Time resting spent in this place.
 E = Time spent auto-exploring this place.
 F = Levels seen in this place.
 G = Mean time per level.
                   A        B        C        D        E       F      G
               +--------+--------+--------+--------+--------+-----+--------+
         Total |  10484 |  10103 |    381 |     42 |   7117 |  11 |  953.1 |
       Dungeon |  10082 |   9741 |    341 |     42 |   7094 |   9 | 1120.2 |
        Temple |    103 |     64 |     39 |      0 |      0 |   1 |  103.0 |
         Sewer |    298 |    298 |      0 |      0 |     23 |   1 |  298.0 |
               +--------+--------+--------+--------+--------+-----+--------+

Top non-repeatable levels by time:
     D:7: 1428 daAuts
     D:9: 1402 daAuts
     D:1: 1392 daAuts
     D:6: 1385 daAuts
     D:5: 1075 daAuts
     D:8: 975 daAuts
     D:4: 845 daAuts
     D:2: 791 daAuts
     D:3: 785 daAuts
   Sewer: 298 daAuts
  Temple: 103 daAuts
